TOP OF THE 1ST |
Oakland Athletics batting - Pitching for Minnesota Twins : LHP Mauricio Valdivia
|
Pitching: LHP Mauricio Valdivia
|
|
Batting: RHB Willie Randolph
|
0-0: Called Strike 0-1: Ball 1-1: Ball 2-1: SINGLE (Line Drive, 34D, EV 98.8 MPH)
|
Batting: LHB Ruppert Jones
|
0-0: Ball 1-0: Ball 2-0: Swinging Strike 2-1: Ball 3-1: Foul Ball, location: 2F 3-2: Strikes out swinging
|
Batting: LHB Ben Oglivie
|
0-0: Ball 1-0: Swinging Strike 1-1: Foul Ball, location: 2F 1-2: Foul Ball, location: 2F 1-2: SINGLE (Line Drive, 4M, EV 94.4 MPH) Willie Randolph to second
|
Batting: RHB George Hendrick
|
0-0: Grounds into double play, 6-4-3 (Groundball, 6, EV 105.6 MPH)
|
Top of the 1st over - 0 runs, 2 hits, 0 errors, 1 left on base; Oakland 0 - Minnesota 0 |
BOTTOM OF THE 1ST |
Minnesota Twins batting - Pitching for Oakland Athletics : LHP Trevor Faugno
|
Pitching: LHP Trevor Faugno
|
|
Batting: RHB Lee Lacy
|
0-0: Ball 1-0: Ball 2-0: Bunt missed! 2-1: Foul Ball, location: 2F 2-2: Ball 3-2: Fly out, F7 (Flyball, 78S, EV 88.8 MPH)
|
Batting: RHB Tom Brown
|
0-0: Ball 1-0: Called Strike 1-1: Fly out, F7 (Flyball, 7LD, EV 109.4 MPH)
|
Batting: RHB Steve Brye
|
0-0: Ground out 4-3 (Groundball, 4MS, EV 66.9 MPH)
|
Bottom of the 1st over - 0 runs, 0 hits, 0 errors, 0 left on base; Oakland 0 - Minnesota 0 |
TOP OF THE 2ND |
Oakland Athletics batting - Pitching for Minnesota Twins : LHP Mauricio Valdivia
|
Batting: RHB Toby Harrah
|
0-0: Called Strike 0-1: Ball 1-1: Ball 2-1: Foul Ball, location: 2F 2-2: Ground out 5-3 (Groundball, 56, EV 105.6 MPH)
|
Batting: LHB Reggie Jackson
|
0-0: Called Strike 0-1: Swinging Strike 0-2: Ball 1-2: Ball 2-2: Strikes out swinging
|
Batting: RHB Earl C Williams
|
0-0: Ball 1-0: SINGLE (Groundball, 56D, EV 101.3 MPH)
|
Batting: RHB Barry Foote
|
0-0: Called Strike 0-1: Swinging Strike 0-2: Foul Ball, location: 2F 0-2: Strikes out looking
|
Top of the 2nd over - 0 runs, 1 hit, 0 errors, 1 left on base; Oakland 0 - Minnesota 0 |
BOTTOM OF THE 2ND |
Minnesota Twins batting - Pitching for Oakland Athletics : LHP Trevor Faugno
|
Batting: RHB George Foster
|
0-0: SINGLE (Groundball, 56D, EV 98.8 MPH)
|
Batting: RHB Josh Lynn
|
0-0: Ball 1-0: Fielders Choice at 2nd, 1-4 (Groundball, 15S, EV 69.4 MPH)
|
Batting: RHB Chet Lemon
|
0-0: Ball 1-0: Ball 2-0: Foul Ball, location: 2F 2-1: Grounds into double play, 6-4-3 (Groundball, 6, EV 85.6 MPH)
|
Bottom of the 2nd over - 0 runs, 1 hit, 0 errors, 0 left on base; Oakland 0 - Minnesota 0 |
TOP OF THE 3RD |
Oakland Athletics batting - Pitching for Minnesota Twins : LHP Mauricio Valdivia
|
Batting: RHB Fred Andrews
|
0-0: Called Strike 0-1: Fly out, F8 (Line Drive, 89M, EV 90.6 MPH)
|
Batting: RHB Willie Randolph
|
0-0: Ground out U3 (Groundball, 3, EV 110.6 MPH)
|
Batting: LHB Ruppert Jones
|
0-0: Swinging Strike 0-1: Called Strike 0-2: Ground out 6-3 (Groundball, 6M, EV 106.3 MPH)
|
Top of the 3rd over - 0 runs, 0 hits, 0 errors, 0 left on base; Oakland 0 - Minnesota 0 |
BOTTOM OF THE 3RD |
Minnesota Twins batting - Pitching for Oakland Athletics : LHP Trevor Faugno
|
Batting: LHB Lloyd Moseby
|
0-0: Ground out U3 (Groundball, 3, EV 85.0 MPH)
|
Batting: RHB Aurelio Rodriguez
|
0-0: Swinging Strike 0-1: Hit by Pitch
|
Batting: LHB Ken Oberkfell
|
0-0: Ball 1-0: Foul Ball, location: 2F 1-1: Ball 2-1: SINGLE (Groundball, 4MD, EV 108.8 MPH) Aurelio Rodriguez to second Runner from 2nd tries for 3rd, SAFE, throw by CF made to third
|
Batting: RHB Lee Lacy
|
0-0: Ball 1-0: Ball 2-0: Ball 3-0: Base on Balls Ken Oberkfell to second
|
Batting: RHB Tom Brown
|
0-0: SINGLE (Line Drive, 6MD, EV 106.3 MPH) Aurelio Rodriguez scores Ken Oberkfell to third Lee Lacy to second Runner from 3rd tries for Home, SAFE, throw by CF to home
|
Batting: RHB Steve Brye
|
0-0: Ball 1-0: Ball 2-0: Swinging Strike 2-1: Ball 3-1: Base on Balls Lee Lacy to third Tom Brown to second
|
Batting: RHB George Foster
|
0-0: Ball 1-0: Called Strike 1-1: Ball 2-1: Grounds into double play, 6-4-3 (Groundball, 6S, EV 91.3 MPH)
|
Bottom of the 3rd over - 2 runs, 2 hits, 0 errors, 2 left on base; Oakland 0 - Minnesota 2 |
TOP OF THE 4TH |
Oakland Athletics batting - Pitching for Minnesota Twins : LHP Mauricio Valdivia
|
Batting: LHB Ben Oglivie
|
0-0: Swinging Strike 0-1: Foul Ball, location: 2F 0-2: Strikes out looking
|
Batting: RHB George Hendrick
|
0-0: Ball 1-0: Ball 2-0: Ball 3-0: Foul Ball, location: 2F 3-1: Base on Balls
|
Batting: RHB Toby Harrah
|
0-0: Foul Ball, location: 2F 0-1: Ball 1-1: Swinging Strike 1-2: Ball 2-2: SINGLE (Groundball, 34D, EV 95.6 MPH) George Hendrick to second Runner from 2nd tries for 3rd, SAFE, throw by RF made to third
|
Batting: LHB Reggie Jackson
|
0-0: Ball 1-0: Called Strike Toby Harrah steals 2nd base 1-1: Ball 2-1: Foul Ball, location: 2F 2-2: Ball 3-2: Ground out U3 (Groundball, 3, EV 85.0 MPH)
|
Batting: RHB Earl C Williams
|
0-0: Ball 1-0: Called Strike 1-1: Foul Ball, location: 2F 1-2: Foul Ball, location: 2F 1-2: Strikes out swinging
|
Top of the 4th over - 0 runs, 1 hit, 0 errors, 2 left on base; Oakland 0 - Minnesota 2 |
BOTTOM OF THE 4TH |
Minnesota Twins batting - Pitching for Oakland Athletics : LHP Trevor Faugno
|
Batting: RHB Josh Lynn
|
0-0: Ball 1-0: Reached on error, E3 (Line Drive, 3, EV 72.5 MPH)
|
Batting: RHB Chet Lemon
|
0-0: Ball 1-0: Ball 2-0: Ball 3-0: Called Strike 3-1: Called Strike 3-2: Fielders Choice at 2nd, 3-6 (Groundball, 3, EV 82.5 MPH)
|
Batting: LHB Lloyd Moseby
|
0-0: Ground out U3 (Groundball, 34S, EV 73.1 MPH) Chet Lemon to second
|
Batting: RHB Aurelio Rodriguez
|
0-0: DOUBLE (Line Drive, 7LS, EV 96.3 MPH) Chet Lemon scores
|
Batting: LHB Ken Oberkfell
|
0-0: Ground out 6-3 (Groundball, 6, EV 86.9 MPH)
|
Bottom of the 4th over - 1 run, 1 hit, 1 error, 1 left on base; Oakland 0 - Minnesota 3 |
TOP OF THE 5TH |
Oakland Athletics batting - Pitching for Minnesota Twins : LHP Mauricio Valdivia
|
Batting: RHB Barry Foote
|
0-0: Foul Ball, location: 2F 0-1: SINGLE (Line Drive, 56D, EV 101.9 MPH)
|
Batting: RHB Fred Andrews
|
0-0: Called Strike 0-1: Sac Bunt to 2L - play at first, batter OUT! 2-3 Barry Foote to second
|
Batting: RHB Willie Randolph
|
0-0: Ball 1-0: Called Strike 1-1: Called Strike 1-2: Strikes out swinging
|
Batting: LHB Ruppert Jones
|
0-0: Ball 1-0: Ground out 1-3 (Groundball, 13S, EV 72.5 MPH)
|
Top of the 5th over - 0 runs, 1 hit, 0 errors, 1 left on base; Oakland 0 - Minnesota 3 |
BOTTOM OF THE 5TH |
Minnesota Twins batting - Pitching for Oakland Athletics : LHP Trevor Faugno
|
Batting: RHB Lee Lacy
|
0-0: Foul Ball, location: 2F 0-1: Swinging Strike 0-2: Strikes out swinging
|
Batting: RHB Tom Brown
|
0-0: Ball 1-0: Foul Ball, location: 2F 1-1: Foul Ball, location: 2F 1-2: Ball 2-2: Foul Ball, location: 2F 2-2: Ground out U3 (Groundball, 3, EV 100.6 MPH)
|
Batting: RHB Steve Brye
|
0-0: Swinging Strike 0-1: Foul Ball, location: 2F 0-2: Ball 1-2: Foul Ball, location: 2F 1-2: Foul Ball, location: 2F 1-2: Fly out, F4 (Popup, 3S, EV 75.6 MPH)
|
Bottom of the 5th over - 0 runs, 0 hits, 0 errors, 0 left on base; Oakland 0 - Minnesota 3 |
TOP OF THE 6TH |
Oakland Athletics batting - Pitching for Minnesota Twins : LHP Mauricio Valdivia
|
Batting: LHB Ben Oglivie
|
0-0: Ball 1-0: Fly out, F8 (Flyball, 89M, EV 80.6 MPH)
|
Batting: RHB George Hendrick
|
0-0: Called Strike 0-1: Fly out, F8 (Flyball, 8RS, EV 90.6 MPH)
|
Batting: RHB Toby Harrah
|
0-0: Ball 1-0: Fly out, F8 (Flyball, 89XD, EV 96.9 MPH)
|
Top of the 6th over - 0 runs, 0 hits, 0 errors, 0 left on base; Oakland 0 - Minnesota 3 |
BOTTOM OF THE 6TH |
Minnesota Twins batting - Pitching for Oakland Athletics : LHP Trevor Faugno
|
Batting: RHB George Foster
|
0-0: Ground out 5-3 (Groundball, 5, EV 80.0 MPH)
|
Batting: RHB Josh Lynn
|
0-0: Ball 1-0: Ground out 1-3 (Groundball, 13S, EV 66.3 MPH)
|
Batting: RHB Chet Lemon
|
0-0: Ball 1-0: Ball 2-0: Ball 3-0: Base on Balls
|
Batting: LHB Lloyd Moseby
|
0-0: Called Strike 0-1: Called Strike 0-2: Foul Ball, location: 2F 0-2: Foul Ball, location: 2F 0-2: Ball 1-2: Foul Ball, location: 2F 1-2: Ball 2-2: Ball 3-2: DOUBLE (Line Drive, 7LS, EV 104.4 MPH) Chet Lemon to third Chet Lemon scores
|
Batting: RHB Aurelio Rodriguez
|
0-0: Called Strike 0-1: Foul Ball, location: 2F 0-2: Fly out, F7 (Flyball, 78D, EV 90.0 MPH)
|
Bottom of the 6th over - 1 run, 1 hit, 0 errors, 1 left on base; Oakland 0 - Minnesota 4 |
TOP OF THE 7TH |
Oakland Athletics batting - Pitching for Minnesota Twins : LHP Mauricio Valdivia
|
Batting: LHB Reggie Jackson
|
0-0: Ball 1-0: Called Strike 1-1: Foul Ball, location: 2F 1-2: Strikes out swinging
|
Batting: RHB Earl C Williams
|
0-0: Foul Ball, location: 2F 0-1: Fly out, F9 (Flyball, 9D, EV 81.3 MPH)
|
Batting: RHB Barry Foote
|
0-0: Ball 1-0: Ball 2-0: Ball 3-0: Called Strike 3-1: Ground out 6-3 (Groundball, 56D, EV 104.4 MPH)
|
Top of the 7th over - 0 runs, 0 hits, 0 errors, 0 left on base; Oakland 0 - Minnesota 4 |
BOTTOM OF THE 7TH |
Minnesota Twins batting - Pitching for Oakland Athletics : LHP Trevor Faugno
|
Batting: LHB Ken Oberkfell
|
0-0: Ball 1-0: Ball 2-0: Ball 3-0: Base on Balls
|
Batting: RHB Lee Lacy
|
0-0: Ball 1-0: Called Strike 1-1: Ball 2-1: Ball 3-1: Base on Balls Ken Oberkfell to second
|
Batting: RHB Tom Brown
|
0-0: Bunted foul 0-1: Bunted foul 0-2: Ball 1-2: Ball 2-2: Ball 3-2: Base on Balls Ken Oberkfell to third Lee Lacy to second
|
Batting: RHB Steve Brye
|
0-0: Ball 1-0: Called Strike 1-1: Ball 2-1: Ball 3-1: Base on Balls Ken Oberkfell scores Lee Lacy to third Tom Brown to second
|
Pitching: LHP Gerald Tyler
|
|
Batting: RHB George Foster
|
0-0: Ball 1-0: Called Strike 1-1: Called Strike 1-2: Fly out, F4 (Flyball, 34D, EV 91.3 MPH)
|
Batting: RHB Josh Lynn
|
0-0: Called Strike 0-1: Grounds into double play, 3-6-3 (Groundball, 34, EV 100.0 MPH)
|
Bottom of the 7th over - 1 run, 0 hits, 0 errors, 2 left on base; Oakland 0 - Minnesota 5 |
TOP OF THE 8TH |
Oakland Athletics batting - Pitching for Minnesota Twins : LHP Mauricio Valdivia
|
Batting: RHB Fred Andrews
|
0-0: Called Strike 0-1: Ground out 5-3 (Groundball, 56S, EV 81.9 MPH)
|
Batting: RHB Willie Randolph
|
0-0: Called Strike 0-1: Ball 1-1: Fly out, F9 (Flyball, 9, EV 88.8 MPH)
|
Batting: LHB Ruppert Jones
|
0-0: Swinging Strike 0-1: Ball 1-1: Ground out U3 (Groundball, 23, EV 85.0 MPH)
|
Top of the 8th over - 0 runs, 0 hits, 0 errors, 0 left on base; Oakland 0 - Minnesota 5 |
BOTTOM OF THE 8TH |
Minnesota Twins batting - Pitching for Oakland Athletics : LHP Gerald Tyler
|
Batting: RHB Chet Lemon
|
0-0: Ball 1-0: Fly out, F6 (Flyball, 56D, EV 93.8 MPH)
|
Batting: LHB Lloyd Moseby
|
0-0: Ball 1-0: Ball 2-0: Foul Ball, location: 2F 2-1: SINGLE (Groundball, 6MD, EV 100.0 MPH)
|
Batting: RHB Aurelio Rodriguez
|
0-0: Grounds into double play, 5-4-3 (Groundball, 25, EV 79.4 MPH)
|
Bottom of the 8th over - 0 runs, 1 hit, 0 errors, 0 left on base; Oakland 0 - Minnesota 5 |
TOP OF THE 9TH |
Oakland Athletics batting - Pitching for Minnesota Twins : LHP Mauricio Valdivia
|
Batting: LHB Ben Oglivie
|
0-0: Ball 1-0: Swinging Strike 1-1: Swinging Strike 1-2: Foul Ball, location: 2F 1-2: Ball 2-2: Ball 3-2: SINGLE (Flyball, 78S, EV 95.6 MPH)
|
Pitching: RHP Mark Fidrych
|
|
Batting: RHB George Hendrick
|
0-0: Ball 1-0: Called Strike 1-1: Foul Ball, location: 2F 1-2: Grounds into double play, 5-4-3 (Groundball, 56S, EV 86.3 MPH)
|
Batting: RHB Toby Harrah
|
0-0: Ball 1-0: Called Strike 1-1: Ball 2-1: Called Strike 2-2: Fly out, F9 (Flyball, 9, EV 88.8 MPH)
|
Top of the 9th over - 0 runs, 1 hit, 0 errors, 0 left on base; Oakland 0 - Minnesota 5 |
|